 Dungeon Crawl Stone Soup version 0.25-a0-663-gace7076f2c (webtiles) character file.

Game seed: 9747000907435973952, levelgen mode: deterministic

24819 Mehrunes the Nimble (level 12, -16/75 HPs)
             Began as a Deep Elf Conjurer on Mar 25, 2020.
             Was a High Priest of Sif Muna.
             Killed from afar by an ogre mage (20 damage)
             ... with a bolt of lightning
             ... on level 2 of the Orcish Mines.
             The game lasted 01:11:48 (20001 turns).

Mehrunes the Nimble (Deep Elf Conjurer)            Turns: 20001, Time: 01:11:48

Health: -16/75     AC:  9    Str:  7    XL:     12   Next: 84%
Magic:  18/29      EV: 20    Int: 27    God:    Sif Muna [*****.]
Gold:   1672       SH:  9    Dex: 17    Spells: 19/33 levels left

rFire    + + .     SeeInvis .   s - +0 flail of Disembowelment {freeze, rF++ Dex+2 Stlth-}
rCold    + . .     Gourm    .   e - +0 kite shield
rNeg     . . .     Faith    .   p - +2 robe {rC+}
rPois    .         Spirit   .   t - +0 helmet
rElec    .         Reflect  .   n - +1 cloak
rCorr    .         Harm     .   i - +0 pair of gloves
MR       +....                  y - +0 pair of boots
Stlth    +.........             A - amulet of magic regeneration
HPRegen  0.22/turn              b - ring of wizardry
MPRegen  0.46/turn              O - +3 ring of intelligence

@: very slightly contaminated, slowed, very slow
A: no striking features
a: Channel Magic, Forget Spell, Divine Exegesis, Renounce Religion


You were on level 2 of the Orcish Mines.
You worshipped Sif Muna.
Sif Muna was extremely pleased with you.
You were not hungry.

You visited 3 branches of the dungeon, and saw 13 of its levels.

You collected 1672 gold pieces.

Inventory:

Hand Weapons
 s - the +0 flail of Disembowelment (weapon) {freeze, rF++ Dex+2 Stlth-}
   (You found it on level 4 of the Dungeon)

   It has been specially enchanted to freeze those struck by it, causing extra
   injury to most foes and up to half again as much damage against particularly
   susceptible opponents.
   It can also slow down cold-blooded creatures.
   It affects your dexterity (+2).
   It greatly protects you from fire.
   It makes you less stealthy.
 x - a +2 halberd of venom
 D - a +2 short sword of venom
Armour
 a - a +0 robe
 e - a +0 kite shield (worn)
 f - a +0 troll leather armour
 i - a +0 pair of gloves (worn)
 n - a +1 cloak (worn)
 p - a +2 robe of cold resistance (worn)
 r - a +0 cloak of invisibility
 t - a +0 helmet (worn)
 y - a +0 pair of boots (worn)
Magical Staves
 B - an uncursed staff of cold
Jewellery
 b - a ring of wizardry (left hand)
 h - a +3 amulet of reflection
 A - an amulet of magic regeneration (around neck)
 C - an uncursed ring of poison resistance
 L - an uncursed ring of flight
 O - a +3 ring of intelligence (right hand)
Wands
 q - a wand of polymorph (7)
 w - a wand of digging (3)
 E - a wand of flame (27)
 J - a wand of random effects (26)
 N - a wand of scattershot (8)
Scrolls
 d - 2 scrolls of teleportation
 g - 2 scrolls of random uselessness
 j - 2 scrolls of fog
 l - 2 scrolls of enchant weapon
 v - a scroll of enchant armour {unknown}
 z - 3 scrolls of identify
 G - a scroll of remove curse
 I - a scroll of amnesia {unknown}
Potions
 k - 2 potions of berserk rage
 m - a potion of mutation
 H - 2 potions of ambrosia {unknown}
 K - a potion of resistance {unknown}
 M - a potion of curing
Comestibles
 c - 15 rations
 o - 5 chunks of flesh


   Skills:
 + Level 8.6 Fighting
 - Level 12.9 Dodging
 - Level 2.4 Stealth
 + Level 5.2 Shields
 - Level 11.3 Spellcasting
 - Level 9.0 Conjurations
 - Level 7.0 Hexes
 - Level 6.0 Translocations
 - Level 6.2 Invocations


You had 19 spell levels left.
You knew the following spells:

 Your Spells              Type           Power        Failure   Level  Hunger
a - Magic Dart            Conj           ####         1%          1    None
b - Searing Ray           Conj           ######       1%          2    None
c - Fulminant Prism       Conj/Hex       ######....   1%          4    None
d - Iskenderun's Mystic   Conj/Tloc      ######..     2%          4    None
e - Ozocubu's Armour      Chrm/Ice       ###.....     16%         3    None

Your spell library contained the following spells:

 Spells                   Type           Power        Failure   Level  Hunger
 Dazzling Flash           Conj/Hex       ######       1%          3    None
 Shroud of Golubria       Chrm/Tloc      ####..       2%          2    None
 Spectral Weapon          Hex/Chrm       ####....     4%          3    None
 Infusion                 Chrm           ###.         5%          1    None
 Song of Slaying          Chrm           ###.....     9%          2    None
 Sublimation of Blood     Necr           ###.......   9%          2    None
 Ignite Poison            Fire/Tmut/Pois ###.....     16%         3    None
 Irradiate                Conj/Tmut      #####.....   22%         5    ###....
 Petrify                  Tmut/Erth      ###.....     45%         4    None
 Alistair's Intoxication  Tmut/Pois      ###.....     78%         5    ###....
 Eringya's Noxious Bog    Tmut/Pois      ###.......   100%        6    #####..


Dungeon Overview and Level Annotations

Branches:
Dungeon (10/15)            Temple (1/1) D:6             Orc (2/2) D:10
    Elf (0/3) Orc:2
   Lair: D:8-11

Altars:
Ashenzari
Cheibriados
Elyvilon
Hepliaklqana
Okawaru
Qazlal
Ru
Sif Muna
Wu Jian
Xom
Yredelemnul
Zin
The Shining One

Shops:
D:4 [   D:9 }*[*:   Orc:1 *   Orc:2 (


Message History

The mystic blast misses the two-headed ogre.
The mystic blast hits the ogre mage.
The ogre mage is lightly wounded.
The ogre mage is knocked back by the mystic blast.
The ogre mage slams into the rock wall!
Casting: Iskenderun's Mystic Blast (safe; 2% risk of failure)
Confirm with . or Enter, or press ? or * to list all spells.
You erupt in a blast of force!
The mystic blast hits the ogre mage!!
The ogre mage is heavily wounded.
The ogre mage is knocked back by the mystic blast.
The ogre mage slams into the rock wall!
The mystic blast hits the two-headed ogre!
You kill the two-headed ogre!
Sif Muna accepts your kill.
You feel less invigorated.
The ogre mage gestures at you while chanting.
The bolt of lightning hits you!!
* * * LOW HITPOINT WARNING * * *
The bolt of lightning hits you!!
You die...

*#...........♣..<...##*,,,,
##..................###..*
#.............##[[.......,
#...........[#.[[)..)....,
##.^...........)[.O.#####*
*#.......$#..#.<###.##
*...........O.))##*##
*....##...#)....(#
*#..,,#...@..#...#*
#.....#..........#
##...###........##
##..,#.......###
##,*##......# *** #####.##
*##


You could see an ogre mage.

Vanquished Creatures
  12 two-headed ogres
  2 ogre magi
  4 orc knights
  An orc sorcerer (Orc:1)
  A cyclops (Orc:1)
  A gargoyle (D:10)
  4 trolls
  A hippogriff (D:10)
  6 slime creatures
  A hornet (D:10)
  A human (D:7)
  A wraith (D:10)
  A yak (D:7)
  3 hogs (D:7)
  6 wargs
  Menkaure (D:4)
  Duvessa (D:4)
  17 orc warriors
  3 black bears
  3 ice beasts
  5 phantoms
  A sky beast (D:8)
  4 centaurs
  32 ogres
  A big kobold (D:7)
  2 bullfrogs
  A wyvern skeleton (D:7)
  5 scorpions
  Dowan (D:4)
  4 killer bees (D:7)
  3 wights (D:10)
  2 howler monkeys
  7 crimson imps
  A quasit (D:9)
  A jelly (D:7)
  6 hounds
  A bullfrog skeleton (D:8)
  19 orc priests
  3 centaur skeletons
  17 orc wizards
  Ijyb (D:3)
  4 iguanas
  7 worker ants
  3 hound skeletons
  2 worker ant zombies (D:7)
  4 gnolls (D:6)
  11 adders
  A shadow imp (D:6)
  3 oozes
  2 adder skeletons
  2 adder zombies (D:6)
  2 worms
  A dart slug (D:1)
  5 leopard geckos
  75 orcs
  4 giant cockroaches
  8 goblins
  9 hobgoblins
  7 jackals
  3 quokkas
  A ball python (D:6)
  7 bats
  3 frilled lizards
  8 kobolds
  2 leopard gecko skeletons (D:4)
  A leopard gecko zombie (D:7)
  8 rats
370 creatures vanquished.

Vanquished Creatures (others)
  55 fulminant prisms
55 creatures vanquished.

Grand Total: 425 creatures vanquished

Notes
Turn   | Place    | Note
-------+----------+-------------------------------------------
     0 | D:1      | Mehrunes the Deep Elf Conjurer began the quest for the Orb.
     0 | D:1      | Reached XP level 1. HP: 10/10 MP: 6/6
   164 | D:1      | Reached XP level 2. HP: 12/16 MP: 5/8
   168 | D:1      | Learned a level 2 spell: Searing Ray
   390 | D:1      | Reached skill level 3 in Dodging
   479 | D:1      | Reached skill level 1 in Fighting
  1054 | D:2      | Reached XP level 3. HP: 20/20 MP: 6/10
  1056 | D:2      | Found a sacrificial altar of Ru.
  1485 | D:2      | Found a faded altar of an unknown god.
  1492 | D:2      | Became a worshipper of Elyvilon the Healer
  1492 | D:2      | Reached * piety under Elyvilon
  1651 | D:2      | Found a hazy altar of Hepliaklqana.
  1661 | D:2      | Reached XP level 4. HP: 25/25 MP: 9/12
  2151 | D:2      | Learned a level 4 spell: Fulminant Prism
  2603 | D:3      | Reached ** piety under Elyvilon
  2638 | D:3      | Reached skill level 1 in Hexes
  3194 | D:4      | Reached skill level 4 in Dodging
  3194 | D:4      | Reached XP level 5. HP: 30/30 MP: 8/13
  3195 | D:4      | Found Qyasich's Antique Armour Boutique.
  3271 | D:4      | Got a warped flail
  3272 | D:4      | Identified the cursed +0 flail of Disembowelment {freeze,
                  | rF++ Dex+2 Stlth-} (You found it on level 4 of the Dungeon)
  3282 | D:4      | Noticed a phantom
  3344 | D:4      | Killed a phantom
  3344 | D:4      | Reached skill level 5 in Spellcasting
  3413 | D:4      | Reached XP level 6. HP: 18/36 MP: 7/15
  3426 | D:4      | Noticed Ijyb
  3457 | D:3      | Killed Ijyb
  3845 | D:4      | Noticed Duvessa
  3846 | D:4      | Noticed Dowan
  4156 | D:4      | Noticed Menkaure
  4189 | D:4      | Reached skill level 5 in Dodging
  4506 | D:4      | Reached *** piety under Elyvilon
  4671 | D:5      | Entered Level 5 of the Dungeon
  4820 | D:4      | Reached XP level 7. HP: 40/40 MP: 12/17
  5299 | D:5      | Learned a level 4 spell: Iskenderun's Mystic Blast
  5341 | D:5      | Found a stormy altar of Qazlal.
  5359 | D:5      | Found a shimmering blue altar of Sif Muna.
  5370 | D:5      | Fell from the grace of Elyvilon
  5370 | D:5      | Became a worshipper of Sif Muna the Loreminder
  6120 | D:5      | Reached skill level 1 in Translocations
  6928 | D:6      | Reached XP level 8. HP: 46/46 MP: 0/20
  7195 | D:6      | Reached skill level 6 in Dodging
  7261 | D:6      | Found an ornate altar of the Wu Jian Council.
  7273 | D:6      | Found a snail-covered altar of Cheibriados.
  7280 | D:6      | Found an iron altar of Okawaru.
  7667 | D:6      | Found a staircase to the Ecumenical Temple.
  7820 | D:6      | Reached * piety under Sif Muna
  7839 | D:6      | Identified 2 scrolls of acquirement
  7839 | D:6      | Identified the Guide on Enchantment and Attacks (You
                  | acquired it on level 6 of the Dungeon)
  7841 | D:6      | Identified the Guide on Shifting Battle Magic (You acquired
                  | it on level 6 of the Dungeon)
  7841 | D:6      | Identified the ring "Yzaryrr" {Fire *Corrode rPois Dex+4
                  | Stlth+} (You acquired it on level 6 of the Dungeon)
  8620 | D:6      | Reached skill level 7 in Dodging
  8788 | D:6      | Found a glowing golden altar of the Shining One.
  9343 | D:7      | Reached XP level 9. HP: 53/53 MP: 18/23
  9656 | D:7      | Reached skill level 5 in Fighting
  9685 | D:7      | Reached ** piety under Sif Muna
  9758 | D:7      | Found a shimmering altar of Xom.
  9758 | D:7      | Found a shattered altar of Ashenzari.
  9760 | D:7      | Found a glowing silver altar of Zin.
  9782 | D:7      | Reached skill level 8 in Dodging
 10581 | D:7      | Reached skill level 10 in Spellcasting
 10583 | D:7      | Reached skill level 9 in Dodging
 10901 | D:7      | Reached skill level 1 in Invocations
 11359 | D:8      | Found a basalt altar of Yredelemnul.
 11729 | D:8      | Reached XP level 10. HP: 58/60 MP: 20/26
 12442 | D:8      | Reached skill level 10 in Dodging
 13516 | D:4      | Killed Dowan
 13544 | D:4      | Killed Menkaure
 13632 | D:4      | Killed Duvessa
 13751 | Temple   | Entered the Ecumenical Temple
 13925 | D:9      | Found Foquacs's Assorted Antiques.
 14016 | D:8      | Reached *** piety under Sif Muna
 14016 | D:8      | Reached skill level 11 in Dodging
 14086 | D:9      | Found Itun's Gadget Shop.
 14100 | D:9      | Reached skill level 5 in Conjurations
 14467 | D:9      | Found Fyjuop's General Store.
 14812 | D:9      | Reached skill level 5 in Hexes
 15128 | D:9      | Reached skill level 5 in Invocations
 15292 | D:9      | Found Ketzock's Armour Boutique.
 15346 | D:9      | Found Xiaqimm's Book Shop.
 15438 | D:9      | Noticed a two-headed ogre
 15456 | D:9      | Killed a two-headed ogre
 15636 | D:10     | Entered Level 10 of the Dungeon
 15672 | D:10     | Reached XP level 11. HP: 64/64 MP: 7/28
 15912 | D:10     | Noticed a two-headed ogre
 15949 | D:10     | Killed a two-headed ogre
 16013 | D:10     | Found a staircase to the Orcish Mines.
 16404 | D:10     | Reached **** piety under Sif Muna
 16773 | Orc:1    | Entered Level 1 of the Orcish Mines
 16807 | Orc:1    | Found Offa's General Store.
 16906 | Orc:1    | Noticed an orc knight
 16919 | Orc:1    | Noticed an orc knight
 16921 | Orc:1    | Killed an orc knight
 17059 | Orc:1    | Killed an orc knight
 17059 | Orc:1    | Reached skill level 12 in Dodging
 17146 | Orc:1    | You fall into a shaft and drop 1 floor!
 17146 | Orc:2    | Entered Level 2 of the Orcish Mines
 17204 | Orc:2    | Noticed an orc knight
 17213 | Orc:2    | Noticed an orc knight
 17216 | Orc:1    | Noticed an orc sorcerer
 17442 | Orc:1    | You fall into a shaft and drop 1 floor!
 17509 | Orc:2    | Noticed a two-headed ogre
 17514 | Orc:2    | Killed a two-headed ogre
 17519 | Orc:2    | Noticed a two-headed ogre
 17522 | Orc:2    | Killed an orc knight
 17539 | Orc:2    | Noticed an ogre mage
 17542 | Orc:2    | Noticed a two-headed ogre
 17542 | Orc:2    | Noticed a two-headed ogre
 17542 | Orc:2    | Noticed a two-headed ogre
 17543 | Orc:2    | Noticed a two-headed ogre
 17543 | Orc:2    | Noticed a two-headed ogre
 17543 | Orc:2    | Noticed a two-headed ogre
 17544 | Orc:2    | Found Mydepim's Weapon Emporium.
 17546 | Orc:2    | Noticed a two-headed ogre
 17665 | Orc:1    | Killed an orc sorcerer
 17884 | Orc:2    | Noticed an ogre mage
 17909 | Orc:1    | Killed a two-headed ogre
 17909 | Orc:1    | Reached skill level 1 in Shields
 17909 | Orc:1    | Reached XP level 12. HP: 36/71 MP: 1/29
 18042 | Orc:1    | Killed a two-headed ogre
 18175 | Orc:1    | Learned a level 3 spell: Ozocubu's Armour
 18200 | Orc:1    | Killed a two-headed ogre
 18281 | Orc:2    | Noticed a two-headed ogre
 18411 | Orc:1    | Killed a two-headed ogre
 18411 | Orc:1    | Reached skill level 5 in Translocations
 18565 | Orc:1    | Killed a two-headed ogre
 18652 | Orc:1    | Killed a two-headed ogre
 19370 | Orc:1    | Reached ***** piety under Sif Muna
 19374 | Orc:1    | Killed an ogre mage
 19400 | Orc:2    | Noticed a two-headed ogre
 19515 | Orc:2    | Killed an ogre mage
 19825 | Orc:1    | Killed a two-headed ogre
 19905 | Orc:2    | Received a gift from Sif Muna
 19929 | Orc:2    | Killed a two-headed ogre
 19929 | Orc:2    | Reached skill level 5 in Shields
 19975 | Orc:2    | Noticed a two-headed ogre
 19989 | Orc:2    | Noticed an ogre mage
 20001 | Orc:2    | Killed a two-headed ogre
 20001 | Orc:2    | Killed from afar by an ogre mage

Levels and vault maps discovered:
D:1:      nzn_arrival_water_spiral, layout_loops_ring
D:2:      layout_basic, lemuel_doored_altar, nicolae_ru_awakened_eye,
          chequers_ecumenical_altar_simple_redux
D:3:      layout_loops_ring, first_ration, eino_tiny_chamber
D:4:      layout_basic, cheibrodos_sewer_entry_bend, serial_shops,
          nicolae_shop_behind_doors, uniq_menkaure, uniq_ijyb, uniq_duvessa
D:5:      layout_gridville, nicolae_qazlal_general_emergency, led_sif_pool
D:6:      layout_basic, tso_altar, minmay_overflow_temple_star_quad,
          minmay_temple_entry_ruins
D:7:      kb_forest_paths, layout_basic, grunt_temple_overflow_open,
          grunt_livestock, minmay_misc_feat_five, kennysheep_nondescript
D:8:      layout_basic, lemuel_crystal_altar
D:9:      layout_basic, serial_shops, nicolae_shop_behind_doors, shop, shop,
          shop_statue, shop_fountains, kennysheep_diamond
D:10:     layout_stronghold, orc_0_dummy
Temple:   jpeg_temple_clearing
Orc:1:    layout_caves, serial_shops, nicolae_shop_behind_doors
Orc:2:    st_orc_ogre_mass, layout_caves, biasface_ghost_orc_armoury,
          serial_shops, nicolae_shop_trees

Skill      XL: |  1  2  3  4  5  6  7  8  9 10 11 12 |
---------------+-------------------------------------+-----
Dodging        | 3 4 5 7 9 11 12 | 12.9
Fighting       | 1 2 3 4 6 8 |  8.6
Spellcasting   | 4 5 7 8 10 11 | 11.3
Hexes          | 1 2 3 4 6 7 |  7.0
Translocations | 2 3 6 |  6.0
Invocations    | 2 5 6 |  6.2
Conjurations   | 6 9 |  9.0
Shields        | 1 5 |  5.2
Stealth        | |  2.4

Action                   |  1- 3 |  4- 6 |  7- 9 | 10-12 || total
-------------------------+-------+-------+-------+-------++-------
Melee: Unarmed           |     3 |     1 |       |       ||     4
       Flail             |       |     7 |     8 |     8 ||    23
       Staff             |       |       |     1 |     1 ||     2
 Cast: Magic Dart        |    68 |   107 |   184 |   218 ||   577
       Searing Ray       |     2 |    19 |    68 |   101 ||   190
       Fulminant Prism   |       |       |    12 |    43 ||    55
       Iskenderun's Myst |       |       |     7 |   117 ||   124
       Ozocubu's Armour  |       |       |       |    14 ||    14
Invok: Channel Magic     |       |       |       |     2 ||     2
  Use: Potion            |     1 |     1 |     1 |     3 ||     6
       Scroll            |       |    11 |     6 |    11 ||    28
  Eat: Chunk             |     2 |     8 |    14 |    22 ||    46
       Ration            |       |       |     3 |     1 ||     4
Armor: Robe              |     3 |    20 |    25 |    20 ||    68
       Troll leather arm |       |       |       |    17 ||    17
Dodge: Dodged            |    22 |    49 |   125 |   271 ||   467
Block: Other             |       |       |    11 |     4 ||    15
       Reflection        |       |       |     1 |     1 ||     2
       Kite shield       |       |       |       |    48 ||    48

Table legend:
 A = Non-vault XP
 B = Vault XP
 C = Vault XP percentage of total XP
 D = Non-vault monster count
 E = Vault monster count
 F = Vault count percentage of total count
                 A         B        C        D         E       F
            +---------+---------+-------+---------+---------+-------
      Total |   19722 |   15735 |  44.4 |     319 |      51 |  13.8
            +---------+---------+-------+---------+---------+-------
        D:1 |      65 |       0 |   0.0 |      24 |       0 |   0.0
        D:2 |      56 |       0 |   0.0 |      16 |       0 |   0.0
        D:3 |      75 |      36 |  32.4 |      22 |       1 |   4.3
        D:4 |     556 |     384 |  40.9 |      29 |       4 |  12.1
        D:5 |     585 |       0 |   0.0 |      19 |       0 |   0.0
        D:6 |     980 |       0 |   0.0 |      26 |       0 |   0.0
        D:7 |    1394 |    1184 |  45.9 |      32 |      11 |  25.6
        D:8 |    1632 |       0 |   0.0 |      26 |       0 |   0.0
        D:9 |    2602 |    1064 |  29.0 |      30 |       3 |   9.1
       D:10 |    4068 |       0 |   0.0 |      28 |       0 |   0.0
      Orc:1 |    5855 |    8948 |  60.4 |      47 |      23 |  32.9
      Orc:2 |    1854 |    4119 |  69.0 |      20 |       9 |  31.0
            +---------+---------+-------+---------+---------+-------
